[Event "Late-Titled-Tuesday-Blitz-September-05-2023"]
[Site "Chess.com"]
[Date "2023.09.05"]
[Round "2"]
[White "EstudiandoAjedrezRD"]
[Black "Kombinator01"]
[Result "0-1"]
[WhiteElo "2213"]
[BlackElo "2453"]
[TimeControl "180+1"]
[EndTime "14:18:11 PDT"]
[Termination "Kombinator01 won by checkmate"]

1. d4 a6 2. e4 c6 3. f4 d5 4. Nc3 dxe4 5. Nxe4 Nf6 6. Nxf6+ exf6 7. c3 Bd6 8. Bd3 Qc7 9. Ne2 Bg4 10. O-O Nd7 11. Qc2 O-O-O 12. Ng3 h5 13. Ne4 h4 14. Nxd6+ Qxd6 15. f5 h3 16. Bf4 Qd5 17. Be4 Qb5 18. c4 Qb6 19. c5 Qb4 20. Qc3 Qxc3 21. bxc3 hxg2 22.
Rfb1 Rhe8 23. Bxg2 Bxf5 24. Rb2 Re6 25. a4 Rde8 26.
Bg3 Re2 27. Raa2 Rxb2 28. Rxb2 Be4 29. Bf1 f5 30. Bd6 g5 31. Bc4 f6 32. Kf2 f4 33.
Bf7 Rh8 34. Kg1 g4 35. Be6 g3 36. h3 f3 37. Bxg3 Re8 38. Bg4 f5 39. Bh5 Rh8 40.
Bf7 Rxh3 41. Kf2 Nf6 42. Be6+ Kd8 43. Rb6 Ng4+ 44. Ke1 Rxg3 45. Rxb7 f2+ 46. Ke2 Re3+ 47. Kd2 f1=Q 48. Rd7+ Ke8 49. Rc7 Qd3+ 50. Kc1 Qc2# 0-1

[Event "Late-Titled-Tuesday-Blitz-September-05-2023"]
[Site "Chess.com"]
[Date "2023.09.05"]
[Round "2"]
[White "NovikovaGalina"]
[Black "JiiHart"]
[Result "1-0"]
[WhiteElo "2416"]
[BlackElo "2112"]
[TimeControl "180+1"]
[EndTime "14:18:11 PDT"]
[Termination "NovikovaGalina won by resignation"]

1. d4 d5 2. Bf4 Bf5 3. Nc3 c6 4. f3 Nf6 5. g4 Bg6 6. h4 h6 7.
h5 Bh7 8. e3 e6 9. Bd3 Bd6 10.
Nge2 Na6 11. Qd2 Bxd3 12. Qxd3 Bxf4 13. Nxf4 Nb4 14. Qd2 Qc7 15. a3 Na6 16. O-O-O e5 17. dxe5 Qxe5 18. e4 d4 19. Nce2 c5 20. Qa5 Qc7 21.
Qa4+ Qd7 22. Qc4 b5 23. Qd3 Rd8 24. e5 Nd5 25. Nxd5 O-O 26. Ndf4 b4 27. g5 Qa4 28. gxh6 bxa3 29. Qxa3 Qxa3 30. bxa3 gxh6 31. Rhg1+ Kh7 32. e6 Rg8 33. exf7 Rxg1 34. Rxg1 Rf8 35. Rg6 Nc7 36. Ne6 Nxe6 37. Rxe6 Rxf7 38. f4 Kg7 39.
Kd2 Rf5 40. Ra6 Rxh5 41. Rxa7+ Kg6 42. a4 Kf5 43. a5 Ke4 44. Re7+ Kf3 45. a6 d3 46.
cxd3 c4 47. dxc4 Rb5 48. cxb5 1-0

[Event "Late-Titled-Tuesday-Blitz-September-05-2023"]
[Site "Chess.com"]
[Date "2023.09.05"]
[Round "2"]
[White "MFatigue"]
[Black "MeisterJabo"]
[Result "1-0"]
[WhiteElo "2503"]
[BlackElo "2300"]
[TimeControl "180+1"]
[EndTime "14:18:12 PDT"]
[Termination "MFatigue won on time"]

1. e4 c5 2. a3 g6 3. h4 Nf6 4. e5 Nd5 5. Nc3 Nxc3 6. dxc3 Bg7 7. Bf4 Nc6 8. Nf3 Qc7 9. Qd5 b6 10. Bc4 e6 11. Qd6 Qxd6 12. exd6 Bb7 13. h5 Bf6 14. O-O-O O-O-O 15. Be2 Rdg8 16. Ng5 Rf8 17. hxg6 hxg6 18. Nh7 Be5 19. Bxe5 Nxe5 20. Nxf8 Rxf8 21. f4 Nc6 22. Bf3 Na5 23. Bxb7+ Kxb7 24. b3 Kc6 25. Kd2 Nb7 26.
Ke3 Nxd6 27. g4 f5 28. g5 Ne4 29. c4 d5 30. cxd5+ exd5 31. Rh6 Rg8 32. Rdh1 d4+ 33. Kf3 Nd2+ 34. Ke2 Ne4 35. Rh8 Rg7 36. R1h7 Rd7 37. Rxd7 Kxd7 38. Rg8 Ng3+ 39. Kf3 Ne4 40. Rxg6 b5 41.
Rg7+ Ke6 42. Rxa7 c4 43. bxc4 bxc4 44. Ra5 d3 45. Re5+ Kd6 46. cxd3 1-0

[Event "Late-Titled-Tuesday-Blitz-September-05-2023"]
[Site "Chess.com"]
[Date "2023.09.05"]
[Round "2"]
[White "leschebaza"]
[Black "pouya21"]
[Result "0-1"]
[WhiteElo "2392"]
[BlackElo "2797"]
[TimeControl "180+1"]
[EndTime "14:18:14 PDT"]
[Termination "pouya21 won on time"]

1. d4 d6 2. c4 e5 3. Nf3 e4 4.
Nfd2 f5 5. e3 Nf6 6. Nc3 Be7 7.
Be2 O-O 8. b4 Be6 9. Nb3 Nbd7 10. d5 Bf7 11. Nd4 g6 12. f4 exf3 13. gxf3 Ne8 14.
f4 Bh4+ 15. Kd2 Ng7 16. Bf3 a5 17. bxa5 Re8 18. Bb2 Nc5 19. Nb3 Qe7 20. Qe2 c6 21. dxc6 bxc6 22. Bxc6 Bf6 23. Nd5 Bxd5 24. Bxd5+ Kh8 25. Bxf6 Qxf6 26. Nxc5 dxc5 27. Bxa8 Qb2+ 28. Ke1 Qxa1+ 29. Kf2 Qc3 30. Bb7 Qxa5 31. Rd1 Qc3 32.
Bc6 Rb8 33. Bb5 Nh5 34. Rd3 Qg7 35. Rd7 Qf6 36. Qd2 Ng7 37. Rd6 Qh4+ 38. Kg2 Qg4+ 39.
Kf2 Qh4+ 40. Kg2 Qg4+ 41. Kf2 Rg8 42. Rd8 Qh4+ 43. Ke2 Rxd8 44. Qb2 Qxh2+ 0-1

[Event "Late-Titled-Tuesday-Blitz-September-05-2023"]
[Site "Chess.com"]
[Date "2023.09.05"]
[Round "2"]
[White "PedroGil25"]
[Black "DefiantChair"]
[Result "0-1"]
[WhiteElo "2328"]
[BlackElo "2650"]
[TimeControl "180+1"]
[EndTime "14:18:15 PDT"]
[Termination "DefiantChair won by resignation"]

1. c4 e6 2. Nf3 Nf6 3. g3 d5 4.
Bg2 dxc4 5. Qa4+ Nbd7 6. Qxc4 a6 7. Qc2 c5 8. O-O Bd6 9. Rd1 e5 10. Nc3 O-O 11. d3 Rb8 12. Ne4 Nxe4 13. dxe4 Qc7 14.
Nd2 b5 15. a4 Nf6 16. Nf1 h6 17. Ne3 Be6 18. Nd5 Bxd5 19. exd5 Rfc8 20. axb5 axb5 21.
h3 c4 22. Be3 Nd7 23. Ra7 Rb7 24. Rda1 b4 25. Rxb7 Qxb7 26. Ra7 Qb5 27. Be4 Nf6 28. Bf5 Rd8 29. Be4 b3 30. Qb1 Bc5 31. Bxc5 Qxc5 32.
Ra4 Nxd5 33. Qc1 Nb6 34. Ra7 Qd4 35. Qb1 Qd1+ 36. Qxd1 Rxd1+ 37. Kg2 g6 38. Rb7 Nd7 39. Rc7 Rd4 40. f3 Nb6 41. Rb7 Na4 42. e3 Rd2+ 43.
Kf1 Nxb2 0-1

[Event "Late-Titled-Tuesday-Blitz-September-05-2023"]
[Site "Chess.com"]
[Date "2023.09.05"]
[Round "2"]
[White "Tsyhanchuk_Stanislav"]
[Black "PassedPawnMustPushed"]
[Result "1-0"]
[WhiteElo "2422"]
[BlackElo "2131"]
[TimeControl "180+1"]
[EndTime "14:18:17 PDT"]
[Termination "Tsyhanchuk_Stanislav won on time"]

1. e4 Nf6 2. e5 Ng8 3. d4 d6 4. f4 h5 5. Nf3 Bg4 6. c3 e6 7.
Be3 Nh6 8. h3 Nf5 9. Bf2 Bxf3 10. Qxf3 d5 11. Bd3 g6 12. g4 Nh4 13. Qg3 Be7 14. Nd2 c5 15. O-O-O c4 16. Bc2 Nc6 17. Nf3 Nxf3 18. Qxf3 Qa5 19. f5 gxf5 20. gxf5 Qxa2 21.
fxe6 fxe6 22. Be3 Kd7 23. Rhg1 Raf8 24. Qe2 b5 25. Kd2 b4 26. Rb1 b3 27. Bg6 Ba3 28. Kc1 Rhg8 29. Bxh5 Rxg1+ 30. Bxg1 Be7 31. Be3 a5 32. Qd1 a4 33. Kd2 a3 34. Ke1 axb2 35.
Bg4 Nb4 36. Ke2 Nd3 37. Kd2 Qa5 38. Be2 Bb4 39. Bxd3 Bxc3+ 40. Ke2 cxd3+ 41. Qxd3 Qa1 42. Bd2 Bxd2 43. Kxd2 Qa5+ 44. Ke2 1-0

[Event "Late-Titled-Tuesday-Blitz-September-05-2023"]
[Site "Chess.com"]
[Date "2023.09.05"]
[Round "2"]
[White "slidingknight2775"]
[Black "Beca95"]
[Result "1-0"]
[WhiteElo "2596"]
[BlackElo "2964"]
[TimeControl "180+1"]
[EndTime "14:18:18 PDT"]
[Termination "slidingknight2775 won by resignation"]

1. d4 Nf6 2. c4 e6 3. Nc3 c5 4. d5 exd5 5. cxd5 d6 6. Nf3 g6 7. h3 Bg7 8. Bf4 O-O 9. e3 Na6 10. Bxa6 bxa6 11. Rc1 Rb8 12. b3 h6 13. O-O g5 14. Bh2 a5 15. Qd3 Rb6 16. Rfe1 Ba6 17. Qc2 Rb4 18. e4 g4 19. hxg4 Nxg4 20. Bg3 Re8 21. a3 Bxc3 22. axb4 axb4 23. Ra1 Qb6 24. Red1 Bxa1 25. Rxa1 Bc8 26. Nd2 Ba6 27. Qa2 Bd3 28.
Qxa7 Qxa7 29. Rxa7 Bxe4 30. f3 Bxd5 31. fxg4 Re2 32.
Nf3 c4 33. bxc4 Bxf3 34. gxf3 b3 35. Rb7 b2 36. Bf2 Rc2 37. Kg2 Kg7 38. Kg3 Kg6 39.
Rb6 f6 40. Be3 h5 41. gxh5+ Kxh5 42. Bd4 Rxc4 43. Bxf6 d5 44. Bxb2 Rc2 45. Bd4 Kg5 46. Rb5 Kf5 47. Rxd5+ Ke6 48. Rd8 Rd2 49. Bb6 Rb2 50.
Bf2 Rb3 51. Rd4 Rc3 52. Rf4 Ke5 53. Bd4+ Kd5 54. Bxc3 1-0

[Event "Late-Titled-Tuesday-Blitz-September-05-2023"]
[Site "Chess.com"]
[Date "2023.09.05"]
[Round "2"]
[White "kaanadayhamle"]
[Black "Goryachkina"]
[Result "1/2-1/2"]
[WhiteElo "2361"]
[BlackElo "2658"]
[TimeControl "180+1"]
[EndTime "14:18:20 PDT"]
[Termination "Game drawn by repetition"]

1. Nf3 c5 2. c4 Nf6 3. g3 g6 4. Bg2 Bg7 5. O-O O-O 6. Nc3 Nc6 7. d4 cxd4 8. Nxd4 Qa5 9. Nc2 d6 10. e4 Bg4 11. f3 Be6 12. Ne3 Rac8 13. Bd2 Qb6 14. Rb1 Ne5 15. b3 a6 16. Kh1 Qc5 17.
Ned5 Bxd5 18. exd5 b5 19. cxb5 axb5 20. Qe2 b4 21.
Na4 Qa5 22. f4 Neg4 23. Rbc1 h5 24. h3 Nh6 25. Qd3 Nf5 26. Kh2 Rfd8 27. Bf3 Nd7 28. Rc6 Nc5 29. Nxc5 dxc5 30. Rxc8 Rxc8 31. Qb1 Nd4 32. Be3 Nxf3+ 33. Rxf3 Ra8 34. Rf2 Bd4 35. Bxd4 cxd4 36. Qe4 Qc5 37. Rd2 Qc3 38. Qxd4 Qxd4 39. Rxd4 Rxa2+ 40. Kg1 Rc2 41. Rxb4 Rc3 42. Kg2 Rc2+ 43.
Kf3 Rc3+ 44. Kf2 Rc2+ 45. Kf3 Rc3+ 46. Kf2 Rc2+ 47. Kf3 1/2-1/2

[Event "Late-Titled-Tuesday-Blitz-September-05-2023"]
[Site "Chess.com"]
[Date "2023.09.05"]
[Round "2"]
[White "GP9isback23"]
[Black "sebastianmarinp"]
[Result "1-0"]
[WhiteElo "2672"]
[BlackElo "2407"]
[TimeControl "180+1"]
[EndTime "14:18:21 PDT"]
[Termination "GP9isback23 won on time"]

1. d4 d5 2. Nf3 Nf6 3. e3 c5 4. Be2 cxd4 5. exd4 Nc6 6. c3 Bf5 7. O-O e6 8. Bg5 Be7 9. Nbd2 O-O 10. Re1 Ne4 11. Bxe7 Nxe7 12. Nxe4 Bxe4 13. Nd2 Bg6 14. Qb3 Qd7 15. a4 Nf5 16. a5 Nd6 17. Ra4 Rac8 18.
Rb4 Rc7 19. Bf1 Rfc8 20. Nf3 f6 21. Ra4 Ne4 22. Raa1 Bh5 23. Be2 Bxf3 24. Bxf3 Nd2 25. Qd1 Nxf3+ 26. Qxf3 Qd6 27. a6 bxa6 28. Qd3 Rc6 29. Ra2 Rb8 30. Rea1 Rbb6 31. g3 e5 32. dxe5 fxe5 33. Ra5 d4 34. Re1 dxc3 35. Qxd6 Rxd6 36. bxc3 Rb5 37. Rxe5 Rxe5 38. Rxe5 Rc6 39. Ra5 Rxc3 40.
Rxa6 Rc7 41. Rd6 a5 42. Rd8+ Kf7 43. Ra8 Rc5 44. Kg2 h6 45. h4 Kg6 46. g4 Rc4 47. Kg3 a4 48. f3 Rb4 49. Ra7 Rc4 50. h5+ Kh7 51. Kf2 Rb4 52. Ke3 Rc4 53. Kd3 Rb4 54. Ke2 Rc4 55. Kf2 Rb4 56. Kg3 Rc4 57.
Ra5 Rb4 58. Ra8 Rc4 59. f4 Rb4 60. g5 hxg5 61. fxg5 Rc4 62. Ra7 Rb4 63. h6 Kh8 64.
Rxg7 a3 65. Ra7 1-0

[Event "Late-Titled-Tuesday-Blitz-September-05-2023"]
[Site "Chess.com"]
[Date "2023.09.05"]
[Round "2"]
[White "cthulhuuu"]
[Black "AlexNovitz"]
[Result "1-0"]
[WhiteElo "2468"]
[BlackElo "2239"]
[TimeControl "180+1"]
[EndTime "14:18:21 PDT"]
[Termination "cthulhuuu won on time"]

1. e4 e6 2. d3 d5 3. Nd2 dxe4 4. dxe4 c5 5. Ngf3 Nc6 6. g3 e5 7. Bg2 Be6 8. O-O h6 9. c3 Nf6 10. Qa4 Qc7 11. Nc4 Bxc4 12. Qxc4 Be7 13. Be3 O-O 14. Nh4 Ng4 15. Bxc5 Na5 16. Qe2 Qxc5 17. Qxg4 Bxh4 18. Qxh4 Nc4 19. b3 Nd6 20. c4 Rad8 21.
Rad1 f6 22. Rd5 Qa3 23. Rfd1 Nf7 24. Bh3 Rxd5 25. Rxd5 Ng5 26. Qg4 Nxh3+ 27. Qxh3 Qxa2 28. Rd3 Qb1+ 29. Qf1 Qxf1+ 30. Kxf1 Rf7 31. c5 Rc7 32. b4 Kf7 33. Ke2 Ke7 34. Rd5 b6 35. Kd3 bxc5 36. bxc5 Ke6 37. Rd6+ Ke7 38. Kc4 Rb7 39. Ra6 Rc7 40.
Kd5 Kd7 41. c6+ Ke7 42. g4 Kf7 43. Kd6 Re7 44. c7 Re6+ 45. Kd5 Rxa6 46. c8=Q Ra1 47. Qd7+ Kg6 48. Qe8+ Kh7 49. Ke6 Ra6+ 50. Kf5 Rb6 51. h4 1-0

[Event "Late-Titled-Tuesday-Blitz-September-05-2023"]
[Site "Chess.com"]
[Date "2023.09.05"]
[Round "2"]
[White "egnfanclub"]
[Black "Michalczak"]
[Result "0-1"]
[WhiteElo "2307"]
[BlackElo "2506"]
[TimeControl "180+1"]
[EndTime "14:18:22 PDT"]
[Termination "Michalczak won on time"]

1. e4 e5 2. Nf3 Nc6 3. d4 exd4 4. Nxd4 Nf6 5. Nc3 Bb4 6. Nxc6 bxc6 7. Bd2 O-O 8. Bd3 Re8 9. O-O d6 10. Qf3 Ng4 11. Qg3 Bc5 12. h3 Ne5 13. Bg5 Qd7 14. Bh6 Ng6 15. Be3 Bxe3 16. fxe3 Rb8 17. b3 Qe7 18. Ne2 Ne5 19. Nf4 Kh8 20. Rf2 Be6 21. Rd1 a5 22. a4 f6 23. Rfd2 Bf7 24. Be2 Bg6 25. Bf3 Rb4 26. Rd4 Rbb8 27. h4 Bf7 28. h5 h6 29. Ng6+ Bxg6 30. hxg6 Red8 31. Bg4 Nxg6 32.
Bf5 Ne5 33. Kf2 g6 34. Rh1 Kg7 35. Qh4 Rh8 36. Bh3 Rbf8 37. Ke2 Qf7 38. Rdd1 g5 39. Qf2 g4 40. Qg3 h5 41. Rdf1 Qg6 42. Qf4 Qg5 43.
Qf2 Kf7 44. Rhg1 Ke7 45. g3 gxh3 46. Rh1 Qg4+ 47. Kd2 Rh6 48. Rh2 Rg6 49. Kc1 Qxg3 0-1

[Event "Late-Titled-Tuesday-Blitz-September-05-2023"]
[Site "Chess.com"]
[Date "2023.09.05"]
[Round "2"]
[White "Doudou2015"]
[Black "Chessdude1987"]
[Result "1-0"]
[WhiteElo "2186"]
[BlackElo "2423"]
[TimeControl "180+1"]
[EndTime "14:18:22 PDT"]
[Termination "Doudou2015 won on time"]

1. b3 e5 2. Bb2 d6 3. e3 f5 4. d4 e4 5. d5 Nf6 6. c4 Be7 7. g3 a5 8. a3 Nbd7 9. Ne2 Ne5 10. Nd4 c6 11. dxc6 bxc6 12. Be2 O-O 13. O-O Kh8 14. Nd2 Qd7 15. f4 exf3 16. N2xf3 Neg4 17. Qd3 c5 18. Nb5 Bb7 19. Ng5 Ne5 20. Qd1 Qc6 21.
Nf3 Neg4 22. Qd3 Ne4 23. a4 Rad8 24. Rae1 Bf6 25. Bxf6 Rxf6 26. Bd1 Rff8 27. Nc3 Nxc3 28.
Qxc3 Rde8 29. h3 Ne5 30. Kh2 Qe4 31. Be2 Ba8 32. Rf2 Ng6 33. Bd1 Qe7 34. h4 Ne5 35. Ng5 h6 36. Nh3 Ng4+ 37. Bxg4 fxg4 38. Nf4 Qf6 39.
Qd3 Be4 40. Qd2 Bf3 41. Rxf3 gxf3 42. Qd3 1-0

[Event "Late-Titled-Tuesday-Blitz-September-05-2023"]
[Site "Chess.com"]
[Date "2023.09.05"]
[Round "2"]
[White "vidavi"]
[Black "larsmandreassen"]
[Result "0-1"]
[WhiteElo "2432"]
[BlackElo "2217"]
[TimeControl "180+1"]
[EndTime "14:18:25 PDT"]
[Termination "larsmandreassen won by resignation"]

1. e4 d6 2. d4 Nf6 3. Nc3 e5 4. dxe5 dxe5 5. Qxd8+ Kxd8 6. Bc4 Be6 7. Bxe6 fxe6 8. Nf3 Bd6 9. Be3 Ke7 10. O-O-O a6 11. h3 Nbd7 12. g4 h6 13. a3 b5 14. b4 a5 15. Nxb5 axb4 16. Nxd6 cxd6 17. axb4 Rhb8 18. c3 Nxe4 19. Kb2 Nb6 20. Ra1 Nc4+ 21. Kb3 Nxe3 22. fxe3 Rxa1 23. Rxa1 Rc8 24. Ra7+ Kf6 25. c4 Rb8 26. b5 d5 27. Kb4 dxc4 28. Kxc4 Nd6+ 29. Kc5 Nxb5 30. Nxe5 Nxa7 31. Nd7+ Kg5 32. Nxb8 Kh4 33. Nd7 Kxh3 34. Ne5 Nc8 35. Ng6 Kxg4 36. Kc6 h5 37.
Kc7 Na7 38. Kd6 Nb5+ 39. Kxe6 h4 40. Nxh4 Kxh4 41. Kf5 g5 42. e4 Nd6+ 43. Ke5 Nxe4 44. Kxe4 Kg3 45. Ke3 Kg2 46. Ke2 g4 47. Ke1 g3 48.
Ke2 Kh1 49. Ke1 g2 0-1

[Event "Late-Titled-Tuesday-Blitz-September-05-2023"]
[Site "Chess.com"]
[Date "2023.09.05"]
[Round "2"]
[White "TheMagician"]
[Black "CrushingKings"]
[Result "0-1"]
[WhiteElo "2074"]
[BlackElo "2528"]
[TimeControl "180+1"]
[EndTime "14:18:27 PDT"]
[Termination "CrushingKings won by checkmate"]

1. d4 g6 2. Nf3 Bg7 3. c3 Nf6 4. Bf4 O-O 5. h3 b6 6. Nbd2 Bb7 7. e3 d6 8. Be2 Nbd7 9. O-O Ne4 10. Nxe4 Bxe4 11.
Nd2 Bb7 12. Bf3 Qc8 13. Bxb7 Qxb7 14. Qf3 Qxf3 15. Nxf3 c5 16. a4 a6 17. Rfc1 Rfb8 18.
Bg5 Kf8 19. Bh4 h6 20. Nd2 b5 21. axb5 axb5 22. Ne4 f5 23. Nd2 Rxa1 24. Rxa1 b4 25. Ra7 Ke8 26. dxc5 g5 27. c6 Ne5 28. c7 Rc8 29.
Bg3 Nc6 30. Rb7 bxc3 31. bxc3 Bxc3 32. Nc4 Na5 33. Nxa5 Bxa5 34. Rb5 Bxc7 35. Rxf5 Rb8 36. h4 gxh4 37. Bxh4 Rb4 38. Rh5 Kf7 39. Rxh6 Kg7 40. Bg5 d5 41. f4 Rb2 42. Rc6 Bb6 43. f5 d4 44. exd4 Bxd4+ 45. Kh2 Bf6 46. Bxf6+ exf6 47. Kh3 Rb4 48. g4 Rb1 49. Rc7+ Kh6 50. Rf7 Kg5 51.
Rg7+ Kf4 52. Rg6 Rh1+ 53. Kg2 Rh4 54. Rxf6 Rxg4+ 55. Kf2 Rg5 56. Ra6 Rxf5 57. Ra4+ Ke5+ 58. Ke3 Kd6 59. Ra6+ Kc7 60. Ke4 Rh5 61. Rh6 Rxh6 62.
Kd5 Rc6 63. Ke5 Kd7 64. Kd5 Ra6 65. Ke5 Ra5+ 66. Kd4 Kd6 67. Kc4 Rh5 68. Kb4 Kc6 69. Kc4 Rh4+ 70. Kd3 Kc5 71. Ke3 Kd5 72. Kf3 Rb4 73. Kg3 Ke5 74. Kf3 Ra4 75. Ke3 Ra3+ 76. Kd2 Ke4 77. Kc2 Rh3 78. Kb2 Kd4 79. Kc1 Rh2 80.
Kd1 Ke3 81. Ke1 Rh1# 0-1

[Event "Late-Titled-Tuesday-Blitz-September-05-2023"]
[Site "Chess.com"]
[Date "2023.09.05"]
[Round "2"]
[White "sjoerd893"]
[Black "rquery98"]
[Result "0-1"]
[WhiteElo "2421"]
[BlackElo "2684"]
[TimeControl "180+1"]
[EndTime "14:18:30 PDT"]
[Termination "rquery98 won on time"]

1. e4 e5 2. Nf3 Nc6 3. Bc4 Bc5 4. c3 Nf6 5. d3 O-O 6. Nbd2 d6 7. a4 a5 8. Nf1 Bb6 9. Ng3 h6 10. Nh4 d5 11.
exd5 Nxd5 12. Nhf5 Nf6 13. Qf3 Be6 14. O-O Kh8 15.
Be3 Nh7 16. Bxb6 cxb6 17. Ne3 Qd7 18. Rad1 Rad8 19. Rfe1 Qe7 20. Ngf5 Qf6 21. Qg4 g6 22. Bxe6 fxe6 23. Nxh6 Qxf2+ 24. Kh1 Qf6 25. Qg3 Qg5 26. Nhg4 Kg7 27. Rf1 Rf4 28. h3 Nf6 29. Qh2 Nxg4 30. Nxg4 Rxg4 31. hxg4 Rh8 32. Qxh8+ Kxh8 33. Kg1 Kg7 34.
Rf2 Qe3 35. Rf1 Ne7 36. Kh1 Nd5 37. Rf7+ Kh6 38. Rf8 Kg5 39. R1f3 Qe1+ 40. Kh2 Qh4+ 41. Rh3 Qe1 42. Rff3 Nf4 43. Rh8 Qe2 44. Rg3 Qxb2 45. d4 exd4 46. cxd4 Qxd4 47. Rc8 Qxa4 48. Rcc3 Qb5 49.
Rce3 a4 50. Re4 Qd5 51. Rge3 Nd3 52. Rxe6 a3 0-1

[Event "Late-Titled-Tuesday-Blitz-September-05-2023"]
[Site "Chess.com"]
[Date "2023.09.05"]
[Round "2"]
[White "NotFischer"]
[Black "rdarruda"]
[Result "1-0"]
[WhiteElo "2276"]
[BlackElo "2529"]
[TimeControl "180+1"]
[EndTime "14:18:31 PDT"]
[Termination "NotFischer won by resignation"]

1. b4 e5 2. Bb2 d6 3. c4 Nf6 4. Nc3 Nc6 5. b5 Ne7 6. e3 Nf5 7. Nf3 Be7 8. Be2 O-O 9. O-O e4 10. Ng5 d5 11. cxd5 Nd6 12. Qc2 Re8 13. Ncxe4 Nfxe4 14. Nxe4 Bf5 15. d3 Nxb5 16. Ng3 Bg6 17. a4 Nd6 18. Rac1 Rc8 19. e4 Bf6 20. Bg4 Bxb2 21. Qxb2 Rb8 22. Qc2 Qg5 23. Bh3 Re7 24. f4 Qh4 25. f5 Bh5 26. f6 gxf6 27. Bf5 Bg6 28. Qd2 Qg5 29. Qc3 Kg7 30. Rce1 Rbe8 31. d4 Bxf5 32. Nxf5+ Nxf5 33. Rxf5 Qxf5 34. exf5 Rxe1+ 35. Kf2 R8e2+ 36. Kf3 Re3+ 37. Qxe3 Rxe3+ 38. Kxe3 Kh6 39. Ke4 Kg5 40. d6 cxd6 41. Kd5 Kxf5 42. Kxd6 Ke4 43. d5 f5 44. Kc5 Ke5 45. a5 f4 46. h3 a6 47. d6 Ke6 48. Kb6 Kxd6 49. Kxb7 h5 50. Kxa6 Kc6 51. Ka7 Kc7 52. a6 Kc8 53. Kb6 Kb8 54.
Kc6 Ka7 55. Kd6 Kxa6 56. Ke5 Kb5 57. Kxf4 Kc6 58. Kg5 Kd6 59. Kxh5 Ke6 60. Kg5 Ke7 61. h4 Kf8 62. Kf6 Kg8 63. g4 Kf8 64. g5 Kg8 65. h5 Kf8 66. h6 Kg8 67. Ke7 Kh7 68.
Kxf7 Kh8 69. h7 Kxh7 70. g6+ Kh6 71. g7 Kg5 72. g8=Q+ Kf4 73. Qg6 1-0

[Event "Late-Titled-Tuesday-Blitz-September-05-2023"]
[Site "Chess.com"]
[Date "2023.09.05"]
[Round "2"]
[White "SaqoChess_Twitch"]
[Black "bazar-wokzal"]
[Result "1/2-1/2"]
[WhiteElo "2733"]
[BlackElo "2520"]
[TimeControl "180+1"]
[EndTime "14:18:34 PDT"]
[Termination "Game drawn - insufficient material"]

1. d4 Nf6 2. c4 Nc6 3. Nf3 e6 4. a3 g6 5. Nc3 Bg7 6. e4 d6 7. Be2 O-O 8. O-O e5 9. d5 Nd4 10. Nxd4 exd4 11. Qxd4 Re8 12. Qd3 Nd7 13. Be3 f5 14. f3 Qh4 15. Rae1 fxe4 16. fxe4 Be5 17. Bf4 Bxf4 18. g3 Bxg3 19. Qxg3 Qxg3+ 20. hxg3 Ne5 21. Kg2 Bd7 22. b4 a5 23. b5 b6 24. a4 Re7 25.
Rf4 Rf8 26. Nd1 Ref7 27. Ref1 g5 28. Rxf7 Rxf7 29. Rxf7 Kxf7 30. Ne3 Kf6 31. g4 Ng6 32. Nc2 Ke5 33. Kf3 Nf4 34. Bf1 h5 35. gxh5 g4+ 36.
Ke3 Nxh5 37. Ne1 Nf4 38. Bg2 Be8 39. Bf1 Bg6 40. Bd3 Nh3 41. Be2 g3 42. Nd3+ Kf6 43. Bf3 Ng5 44. Bg2 Bxe4 45. Bxe4 Nxe4 46. Nf4 Nc3 47.
Ne6 Nxa4 48. Nxc7 Nb2 49. c5 dxc5 50. d6 Nc4+ 51. Kf3 Nxd6 52. Nd5+ Ke5 53. Nxb6 Nxb5 54.
Nc4+ Kd4 55. Nxa5 Nd6 56. Nb3+ Kd5 57. Nxc5 Kxc5 58. Kxg3 1/2-1/2

[Event "Late-Titled-Tuesday-Blitz-September-05-2023"]
[Site "Chess.com"]
[Date "2023.09.05"]
[Round "2"]
[White "hurricane7791"]
[Black "Perecke"]
[Result "1/2-1/2"]
[WhiteElo "2716"]
[BlackElo "2480"]
[TimeControl "180+1"]
[EndTime "14:18:35 PDT"]
[Termination "Game drawn by repetition"]

1. d4 Nf6 2. c4 e6 3. Nf3 Bb4+ 4. Nbd2 O-O 5. a3 Bxd2+ 6. Qxd2 d5 7. e3 b6 8. b3 Bb7 9. Bb2 Ne4 10. Qc2 Nd7 11. Be2 c5 12. dxc5 bxc5 13. O-O Qe7 14. Rfd1 Rac8 15.
Rac1 Rfd8 16. Ba1 Ndf6 17. h3 h6 18. Qb2 Ba8 19. Qe5 Qb7 20. Rb1 Qa6 21. a4 Qb7 22.
Qf4 Nh7 23. Ne5 f6 24. Nf3 e5 25. Qg4 d4 26. exd4 cxd4 27. Nh4 Nhg5 28. Bf1 h5 29. Qxh5 Nxh3+ 30. Kh2 Nf4 31. Qf3 Kf7 32. c5 Rh8 33. g3 Nxf2 34. Bc4+ Ke7 35. Qxf2 Rxh4+ 36. gxh4 Rh8 37. Rg1 g5 38. Rg4 Ng6 39. Rf1 f5 40.
Bxd4 Nxh4 41. c6 Qxc6 42. Bc5+ Kf6 43. Kg3 f4+ 44. Rxf4+ exf4+ 45. Qxf4+ gxf4+ 46. Rxf4+ Nf5+ 47. Kf2 Rh2+ 48. Ke1 Qh1+ 49. Bf1 Qg2 50. Bxg2 Bxg2 51. Bxa7 Kg5 52. Bb8 Bd5 53. Rxf5+ Kxf5 54. Bxh2 Bxb3 55.
a5 Bc4 56. Kd2 Ke6 57. Kc3 Kd5 58. Kb4 Ba6 59. Bg1 Kc6 60. Bb6 Kb7 61. Bd4 Bf1 62. Bc5 Ba6 63. Bb6 Bf1 64. Bc5 Ba6 65. Bb6 Bf1 66. Bc5 1/2-1/2

[Event "Late-Titled-Tuesday-Blitz-September-05-2023"]
[Site "Chess.com"]
[Date "2023.09.05"]
[Round "2"]
[White "Francisco_Ferrari"]
[Black "Kostukov_Alex"]
[Result "1/2-1/2"]
[WhiteElo "2125"]
[BlackElo "2411"]
[TimeControl "180+1"]
[EndTime "14:18:37 PDT"]
[Termination "Game drawn - insufficient material"]

1. e4 c5 2. Nf3 g6 3. d4 cxd4 4.
Qxd4 Nf6 5. e5 Nc6 6. Qa4 Nd5 7. Qe4 Ndb4 8. a3 d5 9. Qe2 Na6 10. b4 Nc7 11. Bb2 Bg7 12. Nbd2 O-O 13. h4 Bg4 14. h5 Ne6 15. hxg6 fxg6 16. Rh4 h5 17. Rxg4 hxg4 18. Nh4 Ned4 19. Qxg4 Nxe5 20. Qd1 e6 21. g3 Nf5 22. Nxf5 Rxf5 23. Bg2 Qb6 24. Qe2 Raf8 25. f4 Nf3+ 26. Nxf3 Bxb2 27. Rd1 Bc3+ 28. Kf1 e5 29. Bh3 Rh5 30. Kg2 exf4 31. Be6+ Kg7 32. Bxd5 Qf6 33. g4 Rh7 34. g5 Qf5 35.
Qe7+ Rf7 36. Bxf7 Qxf7 37. Qxf7+ Kxf7 38. Rd7+ Kg8 39. Rxh7 Kxh7 40. Kh3 Kg7 41. Kg4 b5 42. Kxf4 Bb2 43. Ne5 a6 44. Nc6 Bxa3 45. Ke4 Kf7 46.
Kd5 Ke8 47. Kc5 Kd7 48. Kb6 Kd6 49. c3 Kd5 50. Kxa6 Kc4 51. Ka5 Kxc3 52. Kxb5 Kd3 53.
Kc5 Ke4 54. Kc4 Bxb4 55. Nxb4 Kf5 56. Nd3 Kxg5 57. Kd4 Kg4 58. Ke3 Kg3 59. Nf2 g5 60. Ne4+ Kh4 61. Nxg5 1/2-1/2

[Event "Late-Titled-Tuesday-Blitz-September-05-2023"]
[Site "Chess.com"]
[Date "2023.09.05"]
[Round "2"]
[White "SchmakAttack"]
[Black "BigAl"]
[Result "1-0"]
[WhiteElo "2779"]
[BlackElo "2522"]
[TimeControl "180+1"]
[EndTime "14:18:38 PDT"]
[Termination "SchmakAttack won by checkmate"]

1. Nf3 Nf6 2. g3 g6 3. Bg2 Bg7 4. O-O O-O 5. b3 d6 6. Bb2 e5 7. d3 a5 8. c4 Nc6 9. Nc3 Re8 10. Nd2 h5 11. h3 Bd7 12. Rc1 Qc8 13. Kh2 Nh7 14.
Nd5 h4 15. g4 Qd8 16. e3 Nb4 17. Nxb4 axb4 18. Ra1 c6 19. a3 bxa3 20. Rxa3 f5 21. gxf5 gxf5 22. Rg1 Rxa3 23. Bxa3 Qf6 24. Bb2 Kh8 25. Qh5 Qh6 26. Qxh6 Bxh6 27. Nf3 Ra8 28. Nxh4 Ra2 29. Rb1 f4 30. e4 c5 31. Nf3 Nf8 32.
Kg1 Be8 33. Bc3 b5 34. Ra1 Rc2 35. Ba5 Rb2 36. Bc7 Rxb3 37. Bxd6 Bh5 38. Nxe5 f3 39. Bf1 Ne6 40. cxb5 Rxb5 41. d4 Rb2 42. dxc5 Nd4 43. c6 Rc2 44. c7 Ne2+ 45. Kh1 Kg7 46. Ra8 Rc1 47. Ng4 Rxf1+ 48. Kh2 Bxg4 49. hxg4 Rxf2+ 50. Kh3 Rf1 51. c8=Q Rh1+ 52. Bh2 Nf4+ 53. Kg3 Ne2+ 54.
Kxf3 Rxh2 55. Qh8+ Kg6 56. Ra6+ Kg5 57. Qf6# 1-0

[Event "Late-Titled-Tuesday-Blitz-September-05-2023"]
[Site "Chess.com"]
[Date "2023.09.05"]
[Round "2"]
[White "artin10862"]
[Black "tteshan"]
[Result "1-0"]
[WhiteElo "2949"]
[BlackElo "2571"]
[TimeControl "180+1"]
[EndTime "14:18:41 PDT"]
[Termination "artin10862 won by resignation"]

1. e4 c5 2. Nf3 Nc6 3. Bb5 e6 4. O-O Nge7 5. Re1 a6 6. Bf1 d5 7. d3 dxe4 8. dxe4 Qxd1 9. Rxd1 Ng6 10. Na3 Be7 11. Nc4 O-O 12. a4 Rd8 13. Be3 Nf8 14. Nb6 Rb8 15. Bf4 e5 16. Nxe5 Rxd1 17. Rxd1 Nxe5 18. Bxe5 Bg4 19. f3 Rd8 20. Rxd8 Bxd8 21.
Nd5 Be6 22. Bc3 Bd7 23. a5 Ne6 24. Nb6 Bc6 25. Bc4 Kf8 26. Bd5 Bxd5 27. exd5 Nf4 28. Nd7+ Ke7 29. Nxc5 Ne2+ 30. Kf1 Nxc3 31. bxc3 Bxa5 32.
c4 Bb4 33. Nd3 Bc3 34. Ke2 Kd6 35. Nc1 b5 36. Kd3 Bb2 37. Nb3 Be5 38. g3 f5 39. Nd4 bxc4+ 40. Kxc4 g6 41. Nb3 Bg7 42. Nc5 Bb2 43. Nxa6 Bf6 44. Nc5 h5 45. Nb3 h4 46.
Nd4 hxg3 47. hxg3 Be5 48. f4 Bg7 49. Nb5+ Kd7 50. Kd3 Bf6 51. c4 Bd8 52. c5 Ba5 53.
c6+ Kc8 54. d6 Be1 55. Na7+ Kb8 56. c7+ Kxa7 57. c8=Q 1-0